 Dungeon Crawl Stone Soup version 0.26-b1-32-g5d43845318 (webtiles) character file.

Game seed: 16276326275610028531

55 theswoord the Insei (level 3, -2/27 HPs)
             Began as a Demonspawn Transmuter on Jan 12, 2021.
             Slain by Sigmund
             ... wielding a +2 vampiric scythe
              (3 damage)
             ... on level 3 of the Dungeon.
             The game lasted 00:03:34 (2485 turns).

theswoord the Insei (Demonspawn Transmuter)         Turns: 2485, Time: 00:03:34

Health: -2/27      AC:  4    Str: 11    XL:     3   Next: 67%
Magic:  6/6        EV: 12    Int: 14    God:
Gold:   143        SH:  0    Dex: 13    Spells: 5/6 levels left

rFire    . . .     SeeInvis +     - Unarmed
rCold    . . .     Faith    .   (no shield)
rNeg     . . .     Spirit   .   a - +0 robe
rPois    .         Reflect  .   (no helmet)
rElec    .         Harm     .   (no cloak)
rCorr    .         Rampage  .   (no gloves)
Will     .....                  (no boots)
Stlth    +.........             (no amulet)
HPRegen  0.09/turn              h - ring of see invisible
MPRegen  0.10/turn              (no ring)

@: brilliant
A: slimy green scales 1
a: no special abilities


You were on level 3 of the Dungeon.
You visited 1 branch of the dungeon, and saw 3 of its levels.

You collected 143 gold pieces.

Inventory:

Armour
 a - a +0 robe (worn)
Jewellery
 h - a ring of see invisible (left hand)
Scrolls
 c - a scroll of remove curse {unknown}
 d - 2 scrolls of teleportation {unknown}
 e - 2 scrolls of fog {unknown}
 g - 2 scrolls of identify {unknown}


   Skills:
 + Level 2.1 Fighting
 - Level 1.7 Dodging
 + Level 3.2 Unarmed Combat
 - Level 2.0 Spellcasting
 + Level 2.5 Transmutations


You had 5 spell levels left.
You knew the following spells:

 Your Spells              Type           Power        Failure   Level
a - Beastly Appendage     Tmut           24%          9%          1

Your spell library contained the following spells:

 Spells                   Type           Power        Failure   Level
 Wereblood                Tmut           12%          12%         2
 Spider Form              Tmut/Pois      3%           38%         3
 Ice Form                 Ice/Tmut       7%           80%         4
 Blade Hands              Tmut           6%           92%         5


Dungeon Overview and Level Annotations

Branches:
Dungeon (3/15)

Altars:
Xom

Annotations:
D:3 Sigmund


Innate Abilities, Weirdness & Mutations

You are partially covered in slimy green scales. (AC +2)


Message History

* * * LOW HITPOINT WARNING * * *
You hit Sigmund. Your kick misses Sigmund.
Sigmund is moderately wounded.
The bat hits you but does no damage. The bat closely misses you.
Sigmund points at you and mumbles some strange words.
The puff of flame hits you.
* * * LOW HITPOINT WARNING * * *
You barely miss Sigmund. Your kick misses Sigmund. You headbutt Sigmund.
Sigmund is heavily wounded.
Your horns disappear.
Your talons disappear.
The bat barely misses you. Sigmund closely misses you.
You hit Sigmund.
Sigmund is severely wounded.
The bat hits you.
* * * LOW HITPOINT WARNING * * *
You hit Sigmund.
Sigmund is almost dead.
The bat hits you but does no damage.
Sigmund hits you with a +2 vampiric scythe.
You die...

.#.. ####+##
....# .......
#...#
##.......
....
......... #..
#........
#.###.b......
#..##@@......
#<....##..##
#..#.##
##.#...
#+#####


You could see Sigmund (invisible) and a bat.

Vanquished Creatures
  An adder (D:2)
  A dart slug (D:1)
  3 leopard geckos
  2 ball pythons
  3 bats (D:1)
  2 goblins
  A hobgoblin (D:2)
  10 jackals
  A quokka (D:2)
  7 frilled lizards
  5 kobolds
  4 rats (D:1)
40 creatures vanquished.

Vanquished Creatures (others)
  3 plants (D:1)
3 creatures vanquished.

Grand Total: 43 creatures vanquished

Notes
Turn   | Place    | Note
-------+----------+-------------------------------------------
     0 | D:1      | theswoord the Demonspawn Transmuter began the quest for the
                  | Orb.
     0 | D:1      | Reached XP level 1. HP: 15/15 MP: 3/3
   449 | D:1      | Gained mutation: You are partially covered in slimy green
                  | scales. (AC +2) [demonic ancestry]
   449 | D:1      | Reached XP level 2. HP: 18/21 MP: 3/5
   867 | D:1      | Reached skill level 3 in Unarmed Combat
  1642 | D:2      | Reached XP level 3. HP: 20/27 MP: 4/6
  2347 | D:2      | Found a shimmering altar of Xom.
  2469 | D:3      | Noticed Sigmund
  2484 | D:3      | HP: 1/27 [bat (1)]
  2485 | D:3      | Slain by Sigmund

Skill      XL: |  1  2  3 |
---------------+----------+-----
Transmutations | 2 |  2.5
Unarmed Combat | 3 |  3.2
Fighting       | 2 |  2.1
Dodging        | |  1.7
Spellcasting   | |  2.0

Action                   || total
-------------------------++-------
Melee: Unarmed           ||   165
       Kick              ||    17
       Headbutt          ||    10
       Punch             ||     2
 Cast: Beastly Appendage ||    22
  Use: Potion            ||     2
Armor: Robe              ||    56
Dodge: Dodged            ||   136

Levels and vault maps discovered:
D:1:      scummos_arrival_simple_fountains, layout_loops_corners,
          serial_bayou_pond_a, minmay_lizard_king
D:2:      layout_rooms, nicolae_overflow_hidden_temple
D:3:      layout_basic, gammafunk_temple_overflow_elements,
          gup_sewer_entry_bowl, uniq_sigmund
